 Dungeon Crawl Stone Soup version 0.20.1-1-g8b1a95d (webtiles) character file.

1285 ChromeMolly the Covert (level 8, 0/54 HPs)
             Began as an Octopode Fighter on Nov 10, 2017.
             Slain by LordPorkins's ghost (3 damage)
             ... on level 5 of the Dungeon.
             The game lasted 00:22:14 (4421 turns).

ChromeMolly the Covert (Octopode Fighter)           Turns: 4421, Time: 00:22:14

Health: 0/54       AC:  1    Str: 13 (16) XL:     8   Next: 55%
Magic:  8/8        EV: 12    Int: 20 (22) God:
Gold:   208        SH: 10    Dex: 13 (15) Spells: 7/7 levels left

rFire    + . .     SeeInvis .   a - +6 short sword of a bazaar {pierce, Int+4}
rCold    + . .     Gourm    .   b - +1 shield
rNeg     . . .     Faith    .   (helmet restricted)
rPois    +         Spirit   .   (no amulet)
rElec    +         Reflect  .   m - +6 ring of intelligence
rCorr    +         Harm     .   (no ring)
MR       .....                  (no ring)
Stlth    +++++.....             (no ring)
Regen    0.2/turn               (no ring)
MPRegen  0.2/turn               (no ring)
                                (no ring)
                                (no ring)

@: resistant
A: almost no armour, stealthy swim, amphibious, 8 rings, constrict 8, fangs 1,
tentacle spike 1, camouflage 1, agile 1, clever 1, gelatinous body 1
a: no special abilities


You were on level 5 of the Dungeon.
You were not hungry.

You visited 1 branch of the dungeon, and saw 5 of its levels.

You collected 208 gold pieces.

Inventory:

Hand Weapons
 a - the +6 short sword of a bazaar (weapon) {pierce, Int+4}
   (You found it on level 4 of the Dungeon)

   It inflicts extra damage upon your enemies.
   It affects your intelligence (+4).
 q - a +0 dagger
 s - a cursed -3 rapier
Missiles
 f - 174 stones
 i - 41 bolts
 t - 8 tomahawks (quivered)
Armour
 b - a +1 shield (worn)
Jewellery
 m - a +6 ring of intelligence (left tentacle)
Wands
 o - a wand of random effects (19/48)
 u - a wand of clouds (3/9)
Scrolls
 k - a scroll of magic mapping
 n - a scroll of fear
Potions
 c - 2 potions of flight
 e - 2 potions of mutation
Comestibles
 d - 6 bread rations
 h - 4 meat rations
 p - a royal jelly
 r - 2 fruits
 v - 2 chunks of flesh


   Skills:
 + Level 4.3 Fighting
 + Level 2.0(3.2) Short Blades
   Level 3.9(4.2) Long Blades
 * Level 3.8 Throwing
 + Level 3.7 Dodging
 * Level 9.2 Stealth
 + Level 4.0 Shields


You had 7 spell levels left.
You didn't know any spells.

Dungeon Overview and Level Annotations

Branches:
Dungeon (5/15)
 Temple: D:4-7

Altars:
Ashenzari
Nemelex Xobeh
Ru
Uskayaw
Vehumet
The Shining One

Shops:
D:5 [

Annotations:
D:5 LordPorkins's ghost, amateur SpCj; Pikel


Innate Abilities, Weirdness & Mutations

You cannot wear most types of armour.
You are very stealthy in the water. (Stealth+)
You are amphibious.
You can wear up to eight rings at the same time.
You can use your tentacles to constrict eight enemies at once.
Your skin changes colour to match your surroundings (Stealth+).
Your rubbery body absorbs attacks. (AC +1, EV +1)
You have very sharp teeth.
One of your tentacles bears a spike.
You are agile. (Dex +2)
Your mind is acute. (Int +2)


Message History

* * * LOW HITPOINT WARNING * * *
LordPorkins's ghost dodges and says, "Too slow!"
LordPorkins's ghost casts a spell at you.
The magic dart hits you!
* * * LOW HITPOINT WARNING * * *
You block the orc's attack.
There is an open door here.
The orc wizard mumbles some strange words.
The orc wizard seems to speed up.
Aiming: Random Effects (will waste charges)
Press: ? - help, Shift-Dir - straight line, f - orc
Aim: an orc, wearing a leather armour
Okay, then.
You open the door.
The orc wizard mumbles some strange words.
The orc wizard blinks!
You block LordPorkins's ghost's attack. The orc closely misses you.
There is an open door here.
LordPorkins's ghost hits you.
You die...

####..........# #..........#
#..........# ### .
#..........# ..# ..
#..........# ..'...
#..........# #########'##...
#..........#####....#.........
#..........#..Wo.oo.#.........
#..........#.@#o....'.........
#..........#..#####'#...).....
#..........#..#...............
#..........#..#......######...
#..........##'#......'....#...
#....................#....# ..
#.........[....########'######
#..............#....##....##..
#..............#..........#...


You could see an orc priest, an orc wizard, LordPorkins's ghost and an orc.

Vanquished Creatures
  The ghost of bande the Chopper, an amateur MiBe of Trog (D:3)
  Grinder (D:3)
  Eustachio (D:5)
  A slave (D:5)
  An orc warrior (D:5)
  3 ogres (D:4)
  A centaur (D:4)
  An orc priest (D:5)
  Crazy Yiuf (D:2)
  An orc wizard (D:5)
  2 worker ants
  3 gnolls (D:2)
  6 adders
  An adder skeleton (D:5)
  3 worms
  5 leopard geckos
  8 orcs
  3 ball pythons
  6 bats
  4 giant cockroaches
  5 goblins
  5 hobgoblins
  10 jackals
  A quokka (D:3)
  3 frilled lizards
  6 kobolds
  8 rats
91 creatures vanquished.

Notes
Turn   | Place    | Note
-------+----------+-------------------------------------------
     0 | D:1      | ChromeMolly the Octopode Fighter began the quest for the Orb.
     0 | D:1      | Reached XP level 1. HP: 16/16 MP: 1/1
   282 | D:1      | Reached XP level 2. HP: 21/21 MP: 2/2
   609 | D:2      | Found a glowing golden altar of the Shining One.
   638 | D:2      | Reached skill level 1 in Stealth
   638 | D:2      | Reached XP level 3. HP: 18/26 MP: 3/3
   803 | D:2      | Reached skill level 1 in Throwing
  1058 | D:2      | Reached XP level 4. HP: 31/31 MP: 4/4
  1384 | D:2      | Found a runed door.
  1425 | D:2      | Found a radiant altar of Vehumet.
  1442 | D:2      | Found a sacrificial altar of Ru.
  1454 | D:2      | Reached skill level 2 in Stealth
  1753 | D:2      | Noticed Crazy Yiuf
  1764 | D:2      | Killed Crazy Yiuf
  1764 | D:2      | Reached skill level 3 in Stealth
  1764 | D:2      | Reached XP level 5. HP: 13/36 MP: 5/5
  2044 | D:3      | Noticed Grinder
  2050 | D:3      | Paralysed by Grinder for 2 turns
  2052 | D:3      | Killed Grinder
  2052 | D:3      | Reached skill level 4 in Stealth
  2052 | D:3      | Reached XP level 6. HP: 12/42 MP: 6/6
  2164 | D:3      | Reached skill level 5 in Stealth
  2220 | D:3      | Noticed bande's ghost (amateur MiBe)
  2280 | D:3      | Found a shattered altar of Ashenzari.
  2561 | D:3      | Killed bande's ghost
  2561 | D:3      | Reached skill level 6 in Stealth
  2561 | D:3      | Reached XP level 7. HP: 5/47 MP: 7/7
  2957 | D:3      | Noticed a hand axe
  2958 | D:3      | Found a hide-covered altar of Uskayaw.
  2958 | D:3      | Noticed a hand axe
  3419 | D:4      | Got a scorched short sword
  3420 | D:4      | Identified the +6 short sword of a bazaar {pierce, Int+4} (You found it on level 4 of the Dungeon)
  3446 | D:4      | Reached skill level 1 in Short Blades
  3446 | D:4      | Reached skill level 7 in Stealth
  3474 | D:4      | Found a sparkling altar of Nemelex Xobeh.
  3607 | D:4      | Reached XP level 8. HP: 54/54 MP: 8/8
  3906 | D:4      | Gained mutation: You are agile. (Dex +2) [potion of mutation]
  3906 | D:4      | Gained mutation: You have very sharp teeth. [potion of mutation]
  3906 | D:4      | Gained mutation: One of your tentacles bears a spike. [potion of mutation]
  3906 | D:4      | Gained mutation: Your mind is acute. (Int +2) [potion of mutation]
  3908 | D:5      | Entered Level 5 of the Dungeon
  3939 | D:5      | Noticed Pikel
  3997 | D:5      | Reached skill level 8 in Stealth
  4150 | D:5      | Noticed Eustachio
  4157 | D:5      | Killed Eustachio
  4206 | D:5      | Found Beemopag's Armour Shop.
  4262 | D:5      | Reached skill level 9 in Stealth
  4400 | D:5      | Noticed LordPorkins's ghost (amateur SpCj)
  4412 | D:5      | HP: 1/54 [LordPorkins's ghost/magic dart (7)]
  4421 | D:5      | Slain by LordPorkins's ghost

Skill      XL: |  1  2  3  4  5  6  7  8 |
---------------+-------------------------+-----
Stealth        | 1 3 4 6 7 9 |  9.2
Throwing       | 1 2 3 |  3.8
Long Blades    | 3 |  3.9
Fighting       | 4 |  4.3
Short Blades   | 1 2 |  2.0
Shields        | 4 |  4.0
Dodging        | |  3.7

Action                   |  1- 3 |  4- 6 |  7- 9 || total
-------------------------+-------+-------+-------++-------
Melee: Long sword        |    41 |    51 |    10 ||   102
       Constrict         |    16 |    14 |    14 ||    44
       Tentacles         |     9 |    15 |     6 ||    30
       Dagger            |       |    14 |     9 ||    23
       Short sword       |       |       |    34 ||    34
       Kick              |       |       |     9 ||     9
       Bite              |       |       |     5 ||     5
Throw: Stone             |     3 |    11 |    12 ||    26
  Use: Scroll            |     3 |     3 |     3 ||     9
       Potion            |       |     3 |     4 ||     7
 Stab: Sleeping          |     4 |     8 |    14 ||    26
       Paralysed         |       |     1 |       ||     1
  Eat: Chunk             |       |     5 |     6 ||    11
Armor: Skin              |     6 |     4 |     1 ||    11
Dodge: Dodged            |    16 |    23 |    20 ||    59
Block: Shield            |    20 |    16 |    15 ||    51
       Rpst.: Long sword |     6 |     6 |     2 ||    14
